 Dungeon Crawl Stone Soup version 0.31-a0-631-g285b096dc4 (webtiles) character file.

Game seed: 6947071425353898561

496 dialectric the Ruffian (level 7, -1/44 HPs)
             Began as an Octopode Shapeshifter on Aug 25, 2023.
             Slain by a gnoll
             ... wielding a +0 whip
             ... led by a gnoll bouda
              (3 damage)
             ... on level 4 of the Dungeon.
             The game lasted 00:04:53 (3400 turns).

dialectric the Ruffian (Octopode Shapeshifter)      Turns: 3400, Time: 00:04:54

Health: -1/44      AC:  1    Str: 16    XL:     7   Next: 15%
Magic:  7/7        EV: 13    Int: 11    God:
Gold:   235        SH:  0    Dex: 12    Spells: 6/6 levels left

rFire   . .          .
                       - Unarmed
rCold   . . .        (no shield)
rNeg    . . .        (helmet currently unavailable)
rPois   .            (no amulet)
rElec   .            (no ring)
rCorr   .            (no ring)
SInv    .            (no ring)
Will    .....        (no ring)
Stlth   +++          (no ring)
HPRegen 0.27/turn    (no ring)
MPRegen 0.10/turn    (no ring)
                     (no ring)

%: no passive effects
@: beast-form
A: beast (slay +2), almost no armour, amphibious, 8 rings, camouflage 1,
gelatinous body 1, (nimble swimmer 1), tentacles
a: Begin Untransformation


You were on level 4 of the Dungeon.
You were a hulking beast.
You visited 1 branch of the dungeon, and saw 4 of its levels.
You also visited: Sewer.

You collected 235 gold pieces.

Inventory:

Missiles
 f - 33 poisoned darts (quivered)
 i - 2 throwing nets
Jewellery
 s - a ring of protection from fire
Talismans
 b - a beast talisman (active)
 c - a flux talisman
Scrolls
 a - a scroll of acquirement {unknown}
 e - 2 scrolls of vulnerability {unknown}
 g - 2 scrolls of immolation
 h - 3 scrolls of identify {unknown}
 j - a scroll of brand weapon {unknown}
 l - 2 scrolls of teleportation {unknown}
 p - a scroll of noise {unknown}
 q - 2 scrolls of revelation {unknown}
 r - a scroll of enchant armour {unknown}
 t - a scroll of fear {unknown}
Potions
 d - 6 potions of heal wounds
 k - a potion of berserk rage {unknown}
 m - 2 potions of magic {unknown}
 n - a potion of invisibility {unknown}
 o - a potion of might {unknown}


   Skills:
 + Level 1.6 Fighting
 + Level 0.8 Throwing
 + Level 3.0 Dodging
 - Level 1.2 Stealth
 + Level 5.7 Unarmed Combat
 * Level 4.8 Shapeshifting


You had 6 spell levels left.
You didn't know any spells.
Your spell library was empty.

Dungeon Overview and Level Annotations

Branches:
Dungeon (4/15)              Sewer (visited)
 Temple: D:4-7

Altars:


Innate Abilities, Weirdness & Mutations

You are a hulking beast.
Your limbs bulge with bestial killing power. (Slay +2)
You cannot wear most types of armour.
You are amphibious.
You can wear up to eight rings at the same time.
Your skin changes colour to match your surroundings (Stealth+).
Your rubbery body absorbs attacks. (AC +1, EV +1)
((You are camouflaged when in or above water. (Stealth+)))
You have tentacles for arms and can constrict up to eight enemies at once.


Message History

As you read the scroll labelled MYDOGI GUTUA, it crumbles to dust.
The air around you briefly surges with heat, but it dissipates.
It was a scroll of immolation.
Key pressed, stopping explore.
No target in view!
You enter the deep water.
Key pressed, stopping explore.
No target in view!
f - 33 poisoned darts (gained 6) No target in view!
h - 3 scrolls labelled JEYG CIG LYAVVUAFF (gained 1) 2 gnolls come into view.
A gnoll is wielding a +2 heavy spear.
The gnoll shouts! x2
The gnoll moves out of view.
A gnoll bouda comes into view. It is wielding a +0 whip.
A gnoll comes into view. It is wielding a +0 spear.
The gnoll bouda moves out of view.
You closely miss the gnoll.
The gnoll bouda shouts!
You grab the gnoll. You tentacle-slap the gnoll.
The gnoll is lightly wounded.
You constrict the gnoll.
The gnoll hits you from afar with a +2 heavy spear!
The gnoll hits you from afar with a +0 spear.
The gnoll hits you with a +0 whip.
You release your grip on the gnoll.
The gnoll attacks as it pursues you! The gnoll closely misses you.
The gnoll attacks as it pursues you! The gnoll hits you with a +0 whip!
The gnoll attacks as it pursues you! The gnoll hits you with a +0 whip.
The gnoll attacks as it pursues you! The gnoll hits you with a +0 whip!
* * * LOW HITPOINT WARNING * * *
The gnoll bouda barks out a call to the hunt!
The gnolls pick up the pace!
The gnoll attacks as it pursues you! The gnoll hits you with a +0 whip.
* * * LOW HITPOINT WARNING * * *
The gnoll attacks as it pursues you! The gnoll hits you with a +0 whip.
* * * LOW HITPOINT WARNING * * *
There is a stone staircase leading up here.
The gnoll hits you with a +0 whip.
You die...

.............##.# .# ..##..
................# . .#. #..
....#......#.##.## ..#.....
#...#.....g#..#..### ##. #...#.
#..................# .. .....##
#.#....#.#..g.....##... #...##.
##.####.###...g......... .... #.
.........#......g...## ... ##
...##......[....h...#
....#...............#
.#..................# ..# ..# .
.##.....#...[.......###..##... ..
.#.....###................... ...
.##.##...#.................. ....
......†...................###....
.........#....##..)..............
.......####....#...##...#.....#..


You could see a gnoll bouda and 3 gnolls.

Vanquished Creatures
  2 kobold brigands (Sewer)
  A hound (D:4)
  An orc priest (D:3)
  An orc wizard (D:3)
  8 adders
  6 river rats
  4 worms
  2 dart slugs
  12 orcs
  12 ball pythons
  4 bats
  6 endoplasms
  3 giant cockroaches (D:3)
  5 goblins
  6 hobgoblins
  2 jackals (D:2)
  23 kobolds
  4 quokkas
  2 frilled lizards
  31 rats
135 creatures vanquished.

Notes
Turn   | Place    | Note
-------+----------+-------------------------------------------
     0 | D:1      | dialectric the Octopode Shapeshifter began the quest for
                  | the Orb.
     0 | D:1      | Reached XP level 1. HP: 13/13 MP: 1/1
    78 | D:1      | Reached XP level 2. HP: 11/18 MP: 2/2
   635 | D:2      | Reached XP level 3. HP: 23/23 MP: 3/3
   808 | D:2      | Reached skill level 1 in Stealth
  1120 | D:3      | Found a glowing drain.
  1128 | D:3      | Reached XP level 4. HP: 28/28 MP: 4/4
  1140 | Sewer    | Entered a sewer
  1294 | Sewer    | Reached skill level 4 in Unarmed Combat
  1409 | Sewer    | Noticed a kobold brigand
  1439 | Sewer    | Reached XP level 5. HP: 17/33 MP: 5/5
  1488 | Sewer    | Killed a kobold brigand
  1666 | Sewer    | Reached XP level 6. HP: 14/38 MP: 6/6
  1810 | Sewer    | Reached skill level 5 in Unarmed Combat
  2334 | D:3      | HP: 2/57 [orc/+1 hand axe of freezing (1)]
  2764 | D:3      | Reached XP level 7. HP: 30/44 MP: 7/7
  3398 | D:4      | HP: 2/44 [gnoll/+0 whip[a gnoll bouda] (5)]
  3400 | D:4      | Slain by a gnoll

Illustrated notes

Levels and vault maps discovered:
D:1:      ncdulo_halloftheorcs, layout_basic, palyth_stone_intersect
D:2:      layout_rooms, chequers_serial_rivers_micro_c
D:3:      layout_basic, portal_sewer_entry_a
D:4:      layout_cave_pools, dreamdust_princess_bridge

Skill      XL: |  1  2  3  4  5  6  7 |
---------------+----------------------+-----
Stealth        | 1 |  1.2
Unarmed Combat | 4 5 |  5.7
Shapeshifting  | 4 |  4.8
Dodging        | 3 |  3.0
Fighting       | |  1.6
Throwing       | |  0.8

Action                     |  1- 3 |  4- 6 |  7- 9 || total
---------------------------+-------+-------+-------++-------
  Melee: Unarmed           |    72 |   161 |    19 ||   252
         Constrict         |    18 |    38 |     6 ||    62
         Tentacles         |     9 |    28 |     2 ||    39
         Punch             |     2 |     6 |     1 ||     9
  Throw: Dart              |     4 |     3 |       ||     7
    Use: Potion            |     1 |     3 |       ||     4
         Scroll            |       |       |     1 ||     1
   Stab: Sleeping          |     4 |    11 |     2 ||    17
         Distracted        |       |     1 |       ||     1
 Armour: Skin              |     7 |    38 |     1 ||    46
  Dodge: Dodged            |    36 |   107 |    11 ||   154

Table legend: (Time is in decaauts)
 A = Elapsed time spent in this place.
 B = Non-inter-level travel time spent in this place.
 C = Inter-level travel time spent in this place.
 D = Time resting spent in this place.
 E = Time spent auto-exploring this place.
 F = Levels seen in this place.
 G = Mean time per level.
                   A        B        C        D        E       F      G
               +--------+--------+--------+--------+--------+-----+--------+
         Total |   3378 |   3307 |     71 |    606 |   1951 |   5 |  675.6 |
       Dungeon |   2372 |   2301 |     71 |    220 |   1608 |   4 |  593.0 |
         Sewer |   1005 |   1005 |      0 |    386 |    343 |   1 | 1005.0 |
               +--------+--------+--------+--------+--------+-----+--------+

Top non-repeatable levels by time:
   Sewer: 1005 daAuts
     D:3: 940 daAuts
     D:2: 569 daAuts
     D:1: 541 daAuts
     D:4: 321 daAuts
